Map: Abyssal Reef LE

Players

Harstem - Winner!

  • Race: Protoss Protoss
  • Spawn Location: 5:00

Rommeo

  • Race: Zerg Zerg
  • Spawn Location: 11:00

Event: WCS Valencia 2017

VOD

Have the link to the VOD?

Description

Time

  • Played on: July 13, 2017, 6:19 a.m.
  • Length: 10:34

All games in this series

Show
View Real Time Build Order
Export as new Build Order

Harstem Protoss - Winner!

Build Orders: 1 Gate Expand, Oracle Opening 

Get SALT Encoding   

  12  0:01  Probe (Chrono Boost)  
  13  0:11  Probe (Chrono Boost)  
  14  0:19  Pylon  
  14  0:23  Probe (Chrono Boost)  
  15  0:37  Probe (Chrono Boost)  
  15  0:41  Gateway  
  16  0:48  Probe (Chrono Boost)  
  17  0:50  Assimilator  
  17  0:58  Probe (Chrono Boost)  
  18  1:09  Probe (Chrono Boost)  
  19  1:19  Probe (Chrono Boost)  
  20  1:27  Nexus  
  20  1:35  Cybernetics Core  
  20  1:37  Probe (Chrono Boost)  
  21  1:44  Assimilator  
  21  1:47  Probe (Chrono Boost)  
  21  1:53  Pylon  
  22  1:58  Probe (Chrono Boost)  
  23  2:11  Probe (Chrono Boost), Adept (Chrono Boost)  
  23  2:13  Warp Gate  
  26  2:23  Probe  
  27  2:31  Stargate  
  27  2:35  Probe (Chrono Boost)  
  27  2:36  Adept (Chrono Boost)  
  30  2:39  Probe (Chrono Boost)  
  31  2:46  Probe (Chrono Boost)  
  31  2:50  Probe (Chrono Boost)  
  33  2:55  Gateway  
  33  2:57  Probe (Chrono Boost)  
  34  3:00  Probe (Chrono Boost)  
  35  3:07  Probe (Chrono Boost), Gateway  
  35  3:10  Probe (Chrono Boost)  
  37  3:13  Oracle (Chrono Boost)  
  37  3:18  Probe (Chrono Boost)  
  41  3:21  Probe (Chrono Boost)  
  41  3:25  Pylon  
  41  3:30  Mothership Core (Chrono Boost)  
  44  3:34  Probe (Chrono Boost)  
  44  3:35  Adept  
  46  3:45  Pylon, Probe (Chrono Boost)  
  47  3:48  Probe (Chrono Boost)  
  48  3:55  Probe (Chrono Boost)  
  48  3:59  Probe (Chrono Boost)  
  50  4:03  Oracle (Chrono Boost)  
  50  4:05  Probe  
  54  4:10  Probe  
  54  4:11  Nexus  
  54  4:15  Probe  
  54  4:16  Pylon  
  56  4:27  Adept x3  
  56  4:30  Probe x2  
  56  4:31  Pylon  
  61  4:40  Phoenix (Chrono Boost)  
  61  4:42  Probe (Chrono Boost)  
  61  4:43  Probe (Chrono Boost)  
  61  4:45  Assimilator  
  65  4:47  Assimilator  
  65  4:49  Zealot  
  65  4:51  Sentry  
  69  4:53  Pylon  
  69  4:55  Probe (Chrono Boost)  
  69  4:58  Probe (Chrono Boost)  
  69  4:59  Pylon  
  72  5:10  Robotics Facility  
  72  5:11  Zealot x2  
  72  5:13  Probe (Chrono Boost)  
  76  5:19  Pylon, Probe (Chrono Boost)  
  77  5:23  Probe x2 (Chrono Boost)  
  77  5:27  Sentry  
  81  5:29  Probe (Chrono Boost)  
  81  5:33  Probe (Chrono Boost)  
  81  5:34  Probe (Chrono Boost)  
  81  5:35  Zealot, Forge  
  86  5:38  Zealot  
  86  5:40  Probe (Chrono Boost)  
  89  5:44  Probe x2 (Chrono Boost)  
  89  5:46  Gateway  
  91  5:51  Probe (Chrono Boost)  
  91  5:54  Immortal (Chrono Boost)  
  93  5:57  Gateway  
  93  6:03  Zealot x2  
  100  6:08  Pylon  
  100  6:10  Protoss Ground Weapons Level 1 (Chrono Boost)  
  100  6:15  Probe x2  
  100  6:17  Probe, Gateway  
  102  6:18  Twilight Council  
  102  6:21  Pylon  
  102  6:23  Sentry  
  102  6:24  Sentry  
  107  6:27  Immortal  
  107  6:28  Pylon  
  111  6:34  Probe  
  111  6:36  Assimilator  
  112  6:40  Assimilator  
  112  6:43  Pylon  
  112  6:44  Probe  
  112  6:45  Probe  
  114  6:49  Charge (Chrono Boost)  
  114  6:51  Gateway  
  114  6:52  Pylon, Gateway  
  114  6:55  Zealot x3  
  114  7:00  Zealot  
  114  7:01  Zealot  
  124  7:03  Probe  
  124  7:04  Warp Prism  
  125  7:13  Templar Archives  
  127  7:20  Pylon  
  127  7:33  Probe, Nexus, Pylon  
  129  7:37  Probe, Protoss Ground Weapons Level 2 (Chrono Boost)  
  129  7:40  Pylon, Psionic Storm  
  129  7:42  Observer, Probe  
  129  7:43  Pylon  
  130  7:45  Probe  
  132  7:53  High Templar x3  
  132  7:56  Photon Cannon  
  132  7:58  Probe, Pylon, Photon Cannon  
  139  8:01  Zealot x3  
  145  8:10  Robotics Facility  
  145  8:12  Pylon  
  145  8:14  Immortal  
  145  8:19  Assimilator  
  149  8:22  Assimilator  
  149  8:28  High Templar x2  
  149  8:29  Zealot x4  
  161  8:40  Gateway  
  157  8:44  Zealot x2  
  157  8:45  Gateway  
  161  8:50  Zealot x3  
  161  8:51  Zealot  
  169  8:56  Immortal  
  169  9:02  High Templar x2  
  167  9:03  Immortal (Chrono Boost)  
  166  9:19  High Templar  
  166  9:20  Zealot x4, High Templar  
  174  9:27  Photon Cannon  
  174  9:30  Photon Cannon  
  170  9:32  Photon Cannon  
  170  9:36  Archon  
  152  9:40  Immortal (Chrono Boost)  
  152  9:42  Immortal (Chrono Boost)  
  152  9:45  Probe  
  153  9:46  Probe  
  153  9:49  Zealot x4, Probe  
  153  9:50  Zealot, Photon Cannon  
  165  10:01  High Templar  
  165  10:02  High Templar  
  165  10:03  High Templar x2  
  165  10:04  Sentry  
  175  10:07  Archon  
  175  10:13  Archon  
  181  10:22  High Templar x2  
  181  10:23  Zealot x3  
  181  10:27  Archon  
  191  10:29  Zealot  
Show
View Real Time Build Order
Export as new Build Order

Rommeo Zerg 

Build Orders: Hatch First 

Get SALT Encoding   

  12  0:01  Drone  
  13  0:13  Overlord  
  13  0:17  Drone  
  14  0:31  Drone  
  14  0:32  Drone  
  17  0:35  Drone  
  17  0:46  Drone  
  18  0:58  Hatchery  
  17  1:04  Extractor  
  16  1:15  Spawning Pool, Drone  
  16  1:17  Drone  
  17  1:21  Drone  
  18  1:32  Drone  
  19  1:40  Overlord  
  19  2:02  Queen  
  19  2:03  Zergling x4  
  19  2:05  Metabolic Boost  
  23  2:10  Queen  
  23  2:15  Drone  
  26  2:16  Drone  
  27  2:25  Drone x2  
  29  2:32  Drone  
  30  2:43  Drone x2  
  32  2:46  Queen  
  32  2:48  Pneumatized Carapace  
  34  2:56  Overlord  
  34  3:09  Evolution Chamber, Zergling x6  
  36  3:25  Roach Warren, Drone x4  
  36  3:26  Drone x2  
  41  3:32  Overlord  
  41  3:39  Queen  
  43  3:42  Overlord  
  43  3:50  Zerg Melee Weapons Level 1  
  43  4:03  Queen  
  43  4:05  Spore Crawler  
  43  4:08  Spore Crawler  
  43  4:14  Hatchery  
  37  4:42  Baneling Nest  
  37  4:43  Roach x6  
  47  4:52  Extractor  
  46  4:55  Queen  
  46  4:57  Drone  
  46  4:58  Drone  
  50  5:12  Lair  
  50  5:14  Drone x2  
  52  5:29  Queen  
  52  5:30  Drone  
  52  5:31  Drone x2  
  57  5:45  Drone  
  57  5:46  Overlord x2  
  58  5:53  Overlord  
  57  6:09  Drone x9  
  64  6:17  Drone x3  
  67  6:29  Drone  
  67  6:30  Drone, Hydralisk Den  
  67  6:32  Drone  
  69  6:46  Centrifical Hooks  
  69  6:47  Overlord  
  69  6:49  Drone x3  
  69  6:50  Drone  
  73  6:59  Drone  
  73  7:00  Overlord x2  
  74  7:06  Overlord  
  74  7:22  Hydralisk x5  
  81  7:38  Extractor  
  81  7:39  Zergling x2  
  81  7:40  Zergling x30  
  96  7:50  Queen  
  98  7:53  Extractor, Drone x3  
  100  7:59  Baneling  
  100  8:00  Baneling x7  
  100  8:14  Hydralisk  
  100  8:17  Overlord x2  
  102  8:23  Queen  
  102  8:26  Queen  
  106  8:39  Hydralisk x5  
  116  8:42  Overseer  
  116  8:48  Extractor  
  116  8:52  Zergling x2  
  116  8:53  Zergling x12  
  114  9:07  Zergling x2  
  114  9:08  Zergling x14  
  107  9:16  Roach  
  83  9:17  Roach x2  
  83  9:22  Queen  
  77  9:25  Zergling x2  
  77  9:26  Zergling x4  
  66  9:45  Hydralisk  
  61  9:46  Hydralisk x2  
  65  9:54  Roach  
Tags
 
Add a new tag
Caveats
  • Supply blocks, unpowered buildings, or Contaminate may cause inaccurate times.
  • Supply counts are checked every 10 seconds.